 Dungeon Crawl Stone Soup version 0.27-a0-1324-ge0d8e047f6 (webtiles) character file.

Game seed: 1521844804624849094

718 27snakeeyes612 the Sneak (level 7, 0/49 HPs)
             Began as an Octopode Fighter on June 23, 2021.
             Was an Initiate of Trog.
             Succumbed to an orc wizard's poison
             ... on level 5 of the Dungeon.
             The game lasted 00:05:17 (5799 turns).

27snakeeyes612 the Sneak (Octopode Fighter)         Turns: 5799, Time: 00:05:17

Health: 0/49       AC:  1    Str: 17    XL:     7   Next: 70%
Magic:  7/7        EV: 12    Int: 11    God:    Trog [......]
Gold:   264        SH: 10    Dex: 11    Spells: 6/6 levels left

rFire    . . .     SeeInvis .   a - +2 war axe (vorpal)
rCold    . . .     Faith    .   b - +1 kite shield
rNeg     + . .     Spirit   .   (helmet restricted)
rPois    .         Reflect  .   (no amulet)
rElec    .         Harm     .   c - ring of positive energy
rCorr    .         Rampage  .   (no ring)
Will     .....                  (no ring)
Stlth    ++++......             (no ring)
HPRegen  0.16/turn              (no ring)
MPRegen  0.10/turn              (no ring)
                                (no ring)
                                (no ring)

@: lethally poisoned (0 -> -29)
A: almost no armour, amphibious, 8 rings, camouflage 1, gelatinous body 1,
(nimble swimmer 1), tentacles
a: Renounce Religion


You were on level 5 of the Dungeon.
You worshipped Trog.
Trog was noncommittal.
You visited 2 branches of the dungeon, and saw 6 of its levels.
You also visited: Sewer.

You collected 264 gold pieces.

Inventory:

Hand Weapons
 a - a +2 vorpal war axe (weapon)
Missiles
 l - 5 atropa-tipped darts
 p - 2 throwing nets
Armour
 b - a +1 kite shield (worn)
Jewellery
 c - a ring of positive energy (left tentacle)
Wands
 h - a wand of paralysis (3) (quivered)
Scrolls
 e - 2 scrolls of fog
 i - a scroll of fear
 n - 2 scrolls of identify
Potions
 d - a potion of flight
 f - a potion of curing
 j - a potion of attraction
 k - 2 potions of heal wounds {unknown}
 m - a potion of brilliance {unknown}
 o - a potion of resistance {unknown}
 q - a potion of experience {unknown}


   Skills:
 + Level 4.6 Fighting
 + Level 4.1 Axes
 + Level 4.7 Dodging
 + Level 4.8 Stealth
 + Level 4.8 Shields


You had 6 spell levels left.
You didn't know any spells.
Your spell library contained the following spells:

 Spells                   Type           Power      Damage    Failure   Level
 Beastly Appendage        Tmut           0%         N/A       78%         1
 Wereblood                Tmut           0%         N/A       89%         2
 Spider Form              Tmut/Pois      0%         N/A       98%         3
 Ice Form                 Ice/Tmut       0%         N/A       100%        4


Dungeon Overview and Level Annotations

Branches:
Dungeon (5/15)             Temple (1/1) D:5           Sewer (visited)

Altars:
Ashenzari
Cheibriados
Hepliaklqana
Kikubaaqudgha
Nemelex Xobeh
Okawaru
Qazlal
Sif Muna
Trog
Uskayaw
Vehumet
Wu Jian
Xom
Zin
The Shining One

Annotations:
D:2 1 runed translucent door, Crazy Yiuf
D:3 exclusions: downstairs and statue
D:4 2 runed translucent doors, mora's ghost, amateur GnAM


Innate Abilities, Weirdness & Mutations

You cannot wear most types of armour.
You are amphibious.
You can wear up to eight rings at the same time.
Your skin changes colour to match your surroundings (Stealth+).
Your rubbery body absorbs attacks. (AC +1, EV +1)
((You are camouflaged near water. (Stealth+)))
You have tentacles for arms and can constrict up to eight enemies at once.


Message History

Deactivating autopickup; reactivate with Ctrl-A.
You bump into the crystal wall.
The orc wizard hits you with a +0 dagger.
Something barely misses you.
You slash the orc wizard!
The orc wizard is almost dead.
You hit something.
You feel less confused.
The orc wizard hits you with a +0 dagger.
Something hits you.
You are poisoned.
You barely miss the orc wizard. Your grab misses the orc wizard.
Your squeeze misses the orc wizard.
The orc wizard is almost dead.
You closely miss something.
You feel very sick. You block the orc wizard's attack. Something hits you.
You are more poisoned.
The orc wizard hits you with a +0 dagger.
Something hits you.
You hit the orc wizard.
You kill the orc wizard!
Trog accepts your kill.
Trog appreciates your killing of a magic user.
You miss something.
You feel very sick. Something hits you.
You are more poisoned.
You feel very sick. Something hits you.
* * * LOW HITPOINT WARNING * * *
You are lethally poisoned!
Things that are here:
a +0 dagger; a +0 robe; an orc corpse
* * * LOW HITPOINT WARNING * * *
You feel extremely sick. Something hits you.
* * * LOW HITPOINT WARNING * * *
You are more poisoned.
You die...

##.............### .
###...#####........###
##.....## ##.##.......##
#.......###...##.......###
#.......##.._..#.........###
#.......##.8.8.#...[...<...#
##.....†.####'###.......##...
#.........##...##......#####.
#.........##@..##....### ##
#.........##≈≈≈##..###
#.........##){.#####
#.........###### #.........#
#.........# #.........#
#.........# #........##


There were no monsters in sight!

Vanquished Creatures
  A water moccasin (D:5)
  2 ogres
  A phantom (D:4)
  A bullfrog skeleton (D:4)
  Jessica (D:2)
  2 iguanas (D:5)
  An orc wizard (D:5)
  A hound zombie (D:5)
  4 gnolls
  A howler monkey skeleton (D:5)
  8 adders
  A white imp (D:3)
  2 ufetubi
  An adder zombie (D:5)
  An orc (D:3)
  6 endoplasms
  5 giant cockroaches
  7 goblins
  5 hobgoblins
  13 jackals
  A quokka (D:3)
  11 ball pythons
  3 bats
  3 frilled lizards
  12 kobolds
  8 rats
102 creatures vanquished.

Vanquished Creatures (others)
  6 plants (Sewer)
6 creatures vanquished.

Grand Total: 108 creatures vanquished

Notes
Turn   | Place    | Note
-------+----------+-------------------------------------------
     0 | D:1      | 27snakeeyes612 the Octopode Fighter began the quest for the
                  | Orb.
     0 | D:1      | Reached XP level 1. HP: 16/16 MP: 1/1
   495 | D:1      | Reached XP level 2. HP: 19/21 MP: 2/2
   983 | D:2      | Reached skill level 1 in Stealth
  1060 | D:2      | Noticed Jessica
  1065 | D:2      | Killed Jessica
  1066 | D:2      | Reached XP level 3. HP: 26/26 MP: 3/3
  1538 | D:2      | Reached XP level 4. HP: 27/31 MP: 4/4
  1696 | D:2      | Found a runed translucent door.
  1697 | D:2      | Noticed Crazy Yiuf
  2541 | D:3      | Found a faded altar of an unknown god.
  2551 | D:3      | Found a radiant altar of Vehumet.
  2553 | D:3      | Noticed a charred statue
  2649 | D:3      | Reached XP level 5. HP: 36/36 MP: 5/5
  3436 | D:4      | Found a runed translucent door.
  3439 | D:4      | Noticed a phantom
  3571 | D:4      | Found a runed translucent door.
  3580 | D:4      | Noticed mora's ghost (amateur GnAM)
  3775 | D:4      | Noticed an ogre
  3890 | D:4      | Killed an ogre
  3891 | D:4      | Reached XP level 6. HP: 40/43 MP: 6/6
  4107 | D:5      | Entered Level 5 of the Dungeon
  4134 | D:5      | Reached XP level 7. HP: 4/48 MP: 7/7
  4463 | D:5      | Found a glowing drain.
  4553 | Sewer    | Entered a sewer
  5187 | D:5      | Found a staircase to the Ecumenical Temple.
  5218 | Temple   | Entered the Ecumenical Temple
  5281 | Temple   | Became a worshipper of Trog the Wrathful
  5781 | D:5      | Found a shimmering blue altar of Sif Muna.
  5799 | D:5      | Succumbed to an orc wizard's poison

Illustrated notes

Levels and vault maps discovered:
D:1:      minmay_arrival_cross, layout_basic
D:2:      layout_loops_ring, uniq_jessica, uniq_crazy_yiuf_cottage
D:3:      layout_loops_corners, vehumet_statue, chequers_ecumenical_altar_simple
D:4:      layout_rooms, ebering_ghost_sewer_f
D:5:      layout_cave_pods, tgw_fedhas, led_sif_book,
          minmay_temple_entry_steel_oval, portal_sewer_entry_c
Temple:   dshaligram_water_room_temple

Skill      XL: |  1  2  3  4  5  6  7 |
---------------+----------------------+-----
Stealth        | 1 2 3 4 |  4.8
Axes           | 3 4 |  4.1
Dodging        | 4 |  4.7
Shields        | 4 |  4.8
Fighting       | 4 |  4.6

Action                   |  1- 3 |  4- 6 |  7- 9 || total
-------------------------+-------+-------+-------++-------
Melee: War axe           |    42 |    79 |    61 ||   182
       Constrict         |    10 |    14 |    14 ||    38
       Tentacles         |     4 |    21 |    10 ||    35
Evoke: Wand              |       |     5 |       ||     5
  Use: Potion            |     3 |     3 |     2 ||     8
       Scroll            |       |     9 |     2 ||    11
 Stab: Sleeping          |     5 |    10 |     5 ||    20
       Paralysed         |       |     7 |       ||     7
       Distracted        |       |     1 |       ||     1
Armor: Skin              |     5 |     4 |     2 ||    11
Dodge: Dodged            |    18 |    36 |    25 ||    79
Block: Kite shield       |    24 |    36 |    32 ||    92

Table legend: (Time is in decaauts)
 A = Elapsed time spent in this place.
 B = Non-inter-level travel time spent in this place.
 C = Inter-level travel time spent in this place.
 D = Time resting spent in this place.
 E = Time spent auto-exploring this place.
 F = Levels seen in this place.
 G = Mean time per level.
                   A        B        C        D        E       F      G
               +--------+--------+--------+--------+--------+-----+--------+
         Total |   5905 |   5754 |    151 |    485 |   4395 |   7 |  843.6 |
       Dungeon |   5202 |   5066 |    136 |    485 |   3835 |   5 | 1040.4 |
        Temple |     79 |     64 |     15 |      0 |     56 |   1 |   79.0 |
         Sewer |    624 |    624 |      0 |      0 |    504 |   1 |  624.0 |
               +--------+--------+--------+--------+--------+-----+--------+

Top non-repeatable levels by time:
     D:3: 1389 daAuts
     D:2: 1266 daAuts
     D:5: 1023 daAuts
     D:1: 788 daAuts
     D:4: 734 daAuts
   Sewer: 624 daAuts
  Temple: 79 daAuts
